 Dungeon Crawl Stone Soup version 0.20.1-1-g8b1a95d (webtiles) character file.

44982 mmigdal the Spear-Bearer (level 13, -3/154 HPs)
             Began as a Demonspawn Abyssal Knight on Nov 2, 2017.
             Was a Priest of Lugonu.
             Slain by a merfolk
             ... wielding a +0 glaive
              (7 damage)
             ... on level 3 of the Shoals.
             The game lasted 02:51:46 (30089 turns).

mmigdal the Spear-Bearer (DsAK)                    Turns: 30089, Time: 02:51:48

Health: -3/154     AC: 26    Str: 16 (17) XL:     13   Next: 99%
Magic:  0/28       EV:  2    Int: 13 (14) God:    Lugonu [***...]
Gold:   1216       SH:  0    Dex: 16 (17) Spells: 5/21 levels left

rFire    . . .     SeeInvis .   D - +5 spear (venom)
rCold    . . .     Gourm    .   K - +0 shield
rNeg     + + +     Faith    .   (armour currently unavailable)
rPois    +         Spirit   +   (helmet unavailable)
rElec    .         Reflect  .   (cloak currently unavailable)
rCorr    .         Harm     .   (gloves currently unavailable)
MR       .....     NoTele   +   (boots currently unavailable)
Stlth    ++........             (no amulet)
Regen    0.4/turn               p - ring of poison resistance
MPRegen  0.3/turn               E - ring of magical power

@: confused, tree-form, mesmerised, very slightly contaminated, invisible, very
slow
A: thin skeletal structure 2, blurry vision 1[+1], demonic guardian 1,
[deterioration 2], sense surroundings 1, magic shield, [subdued magic 2]
a: Depart the Abyss, Bend Space, Banish, Renounce Religion


You were on level 3 of the Shoals.
You worshipped Lugonu.
Lugonu was most pleased with you.
You were not hungry.
You were a tree.
You visited 4 branches of the dungeon, and saw 19 of its levels.
You visited the Abyss 3 times.
You also visited: Ossuary.

You collected 1343 gold pieces.
You spent 127 gold pieces at shops.

Inventory:

Hand Weapons
 e - a +0 triple crossbow
 D - a +5 spear of venom (weapon)
Missiles
 I - 37 bolts
Armour
 f - a +4 chain mail of positive energy (melded)
 s - a +0 pair of boots (melded)
 K - a +0 shield (worn)
 S - a +1 pair of gloves (melded)
Jewellery
 h - an uncursed ring of ice
 l - a +2 ring of dexterity
 p - a ring of poison resistance (left branch)
 E - a ring of magical power (right branch)
 L - an uncursed ring of resist corrosion
 X - an uncursed amulet of regeneration
Wands
 a - a wand of scattershot (0/9)
 d - a wand of confusion (23/48)
 g - a wand of random effects (0/48)
 m - a wand of acid (8/15)
 n - a wand of enslavement (10/24)
 t - a wand of iceblast (1/15)
 z - a wand of iceblast (3/15)
 G - a wand of lightning (0/15)
 H - a wand of disintegration (13/24)
 J - a wand of digging (4/24)
 N - a wand of flame (28/48)
 T - a wand of disintegration (5/24)
 W - a wand of confusion (6/48)
Scrolls
 b - 4 scrolls of amnesia
 q - 10 scrolls of remove curse
 r - 2 scrolls of fog
 w - a scroll of brand weapon
 C - 3 scrolls of recharging
 F - a scroll of teleportation
 P - a scroll of blinking
 V - 3 scrolls of magic mapping
 Z - a scroll of identify (quivered)
Potions
 j - 4 potions of brilliance
 o - 3 potions of ambrosia
 u - 2 potions of berserk rage
 v - 2 potions of lignification
 x - 2 potions of might
 A - 2 potions of resistance
 B - a potion of cancellation
 M - a potion of haste
 U - a potion of magic
Miscellaneous
 y - a fan of gales
 Y - a lamp of fire
Comestibles
 c - 5 bread rations
 i - 39 fruits
 k - a royal jelly


   Skills:
 + Level 9.9 Fighting
 + Level 10.9 Polearms
 + Level 3.3 Crossbows
 + Level 7.9 Throwing
 + Level 10.2 Armour
 + Level 5.2 Dodging
 + Level 6.2 Stealth
 + Level 5.5 Shields
 + Level 4.6 Spellcasting
 + Level 4.9 Hexes
 + Level 5.2 Invocations
 + Level 5.1 Evocations


You had 5 spell levels left.
You knew the following spells:

 Your Spells              Type           Power        Failure   Level  Hunger
a - Confusing Touch       Hex            #.....       5%          1    None
b - Sting                 Conj/Pois      #...         45%         1    None
c - Poisonous Vapours     Pois/Air       #.....       61%         2    ##.....
d - Mephitic Cloud        Conj/Pois/Air  #.......     85%         3    ###....
e - Olgreb's Toxic Radia  Pois           #.......     99%         4    ####...
f - Venom Bolt            Conj/Pois      #.........   100%        5    ######.


Dungeon Overview and Level Annotations

Branches:
Dungeon (11/15)            Temple (0/1) D:5            Lair (4/6) D:11
 Shoals (3/4) Lair:4        Snake (1/4) Lair:3          Orc (0/2) D:11

Altars:
Cheibriados
Dithmenos
Fedhas
Gozag
Okawaru
Qazlal
Trog
Uskayaw
Yredelemnul
Zin
The Shining One

Shops:
D:5 *?[*   D:10 =%!

Annotations:
D:9 corrupted
Lair:3 exclusion: 3 oklob plants
Shoals:1 Frances
Shoals:2 Louise


Innate Abilities, Weirdness & Mutations

((You have a pair of large antennae on your head. (SInv)))
You have a moderately thin skeletal structure. (Dex +4, Stealth+)
A weak demonic guardian rushes to your aid.
When hurt, damage is shared between your health and your magic reserves.
You passively map a small area around you.
[Scrolls take you longer to read.]
[Your body often deteriorates upon taking damage.]
[Your spells are easier to cast, but less powerful.]


Message History

Your +0 pair of boots melds into your body.
Your +4 chain mail of positive energy melds into your body.
You feel less protected from negative energy.
Your roots penetrate the ground.
The net rips apart!
You block the merfolk's attack.
The merfolk avatar chants its luring song.
The merfolk hits you from afar with a glaive.
* * * LOW HITPOINT WARNING * * *
The merfolk impaler hits you but does no damage.
The merfolk hits you but does no damage.
Your shadow imp misses the merfolk impaler.
Okay, then.
You don't have enough health at the moment.
You are confused.
You feel invigorated.
The merfolk impaler hits you but does no damage.
The merfolk hits you from afar with a spear.
* * * LOW HITPOINT WARNING * * *
The merfolk hits you from afar with a glaive!
You die...

≈ ≈≈≈≈..#* ≈≈≈ ≈
≈≈≈≈≈..## .≈≈.
≈≈≈≈≈≈≈..###≈≈≈≈ ≈≈
≈≈≈≈≈≈≈....≈≈≈≈ *
≈≈≈≈≈≈≈..>≈.≈≈≈
≈≈≈≈≈≈≈≈≈≈≈≈≈≈≈≈≈.≈.
≈≈≈≈≈≈≈≈≈≈≈≈≈≈≈≈≈≈..
≈
≈≈≈≈≈≈≈≈≈≈≈≈≈≈≈≈≈...
,
≈≈≈≈≈≈≈≈≈≈≈≈♣≈≈≈≈...
≈
≈≈≈≈≈≈≈≈m≈≈5≈≈≈≈≈...
≈≈≈≈≈≈≈≈≈≈mmmm≈≈≈.##*
≈≈≈≈≈≈≈†≈≈≈≈m≈≈≈≈≈..
≈≈≈≈≈≈≈≈<≈..≈≈≈≈≈≈≈≈≈
≈
≈≈≈≈≈≈###...≈≈≈≈≈≈≈≈
≈≈≈≈≈ *####≈≈≈.#.≈≈
≈≈≈≈ , * #≈≈≈.##≈≈
≈≈≈ .


You could see a merfolk avatar, a merfolk impaler, 4 merfolk and a friendly
shadow imp.

Vanquished Creatures
  A tentacled starspawn (Abyss:1)
  Gastronok (Lair:1)
  Fannar (Lair:1)
  A hydra (Lair:4)
  A centaur warrior (D:8)
  2 two-headed ogres
  Sonja (Lair:1)
  Urug (D:10)
  A fire crab (Lair:4)
  3 sea snakes
  The ghost of veneficus the Spear-Bearer, a novice MfSk of Fedhas (D:7)
  3 unseen horrors
  An orc knight (D:8)
  4 lindwurms (Lair:2)
  An ugly thing (D:11)
  3 fauns (Shoals:1)
  2 manticores
  2 black mambas
  A merfolk siren (Shoals:2)
  4 spiny frogs
  2 rime drakes
  5 komodo dragons
  A tengu conjurer (D:8)
  A troll (D:8)
  3 wind drakes (Shoals:1)
  5 polar bears
  2 hornets (D:8)
  3 merfolk
  Prince Ribbit (D:9)
  5 hippogriffs
  3 snapping turtles
  11 yaks
  A wyvern (D:10)
  4 basilisks
  A water elemental (Shoals:2)
  A hungry ghost (D:10)
  A warg (D:8)
  The ghost of Folque the Conjurer, an amateur TeCj (D:3)
  4 water moccasins
  2 porcupines (Lair:3)
  A swamp drake (D:11)
  5 sky beasts
  7 orc warriors
  5 ice beasts
  4 black bears (Lair:3)
  2 phantoms
  3 necrophages
  9 ogres
  7 crocodiles
  4 centaurs
  A big kobold (D:8)
  13 bullfrogs
  A wyvern zombie (D:10)
  2 water moccasin zombies
  3 scorpions
  13 killer bees
  11 wights
  7 howler monkeys
  2 electric eels (Lair:2)
  5 crimson imps
  3 centaur zombies
  3 hounds
  4 jellies
  A bullfrog skeleton (D:4)
  A bullfrog zombie (D:8)
  A centaur skeleton (D:6)
  A human zombie (Ossuary)
  9 orc priests
  Jessica (D:2)
  7 iguanas
  13 orc wizards
  8 worker ants
  6 mummies
  2 worker ant zombies
  2 howler monkey skeletons
  24 adders
  A shadow imp (D:5)
  An ooze (D:4)
  2 adder zombies (D:5)
  3 adder skeletons
  3 worms
  3 dart slugs
  8 leopard geckos
  46 orcs
  4 giant cockroaches
  20 goblins
  10 hobgoblins
  12 jackals
  6 kobolds
  4 quokkas
  3 ball pythons
  4 bats
  13 frilled lizards
  A giant cockroach zombie (D:5)
  A gnoll zombie (Ossuary)
  A goblin zombie (Ossuary)
  2 hobgoblin zombies (Ossuary)
  A jackal skeleton (D:4)
  2 kobold zombies (Ossuary)
  A leopard gecko skeleton (D:4)
  A quokka skeleton (D:4)
  6 rats
  2 plants (Lair:3)
444 creatures vanquished.

Vanquished Creatures (collateral kills)
  A hydra (Lair:4)
  A centaur warrior (D:9)
  A faun (Shoals:1)
  A cyclops (D:8)
  A black mamba (Lair:2)
  A spiny frog (Lair:4)
  A hippogriff (Shoals:3)
  5 yaks
  A water elemental (Shoals:1)
  A basilisk (Lair:1)
  An ice beast (D:11)
  A porcupine (Lair:4)
  An orc warrior (D:4)
  An ogre (D:8)
  A centaur (D:9)
  A bullfrog (Lair:4)
  A killer bee (D:9)
  4 howler monkeys
  A jelly (D:9)
  An iguana (D:4)
  5 orc wizards
  An adder (D:2)
  6 orcs
  A hobgoblin (D:3)
  A jackal (D:8)
  A starspawn tentacle (Abyss:1)
42 creatures vanquished.

Vanquished Creatures (others)
  A sea snake (Shoals:2)
  A slime creature (D:9)
  A water moccasin (D:9)
  A soldier ant (shapeshifter) (D:9)
  A killer bee (D:9)
  A fungus (Lair:4)
  4 plants (Lair:3)
  5 starspawn tentacles (Abyss:1)
15 creatures vanquished.

Grand Total: 501 creatures vanquished

Notes
Turn   | Place    | Note
-------+----------+-------------------------------------------
     0 | Abyss:1  | mmigdal the Demonspawn Abyssal Knight began the quest for the Orb.
     0 | Abyss:1  | Reached XP level 1. HP: 18/18 MP: 2/2
    43 | Abyss:1  | Noticed a tentacled starspawn
   102 | Abyss:2  | Noticed a small abomination
   147 | Abyss:2  | Noticed a purple very ugly thing
   161 | D:1      | Escaped the Abyss
   922 | D:1      | Gained mutation: A weak demonic guardian rushes to your aid. [demonic ancestry]
   922 | D:1      | Reached XP level 2. HP: 22/24 MP: 3/3
   933 | D:1      | Reached * piety under Lugonu
   964 | D:1      | Reached skill level 1 in Dodging
  1582 | D:2      | Gained mutation: You have a pair of small antennae on your head. [demonic ancestry]
  1582 | D:2      | Reached XP level 3. HP: 12/29 MP: 5/5
  2049 | D:2      | Found a blossoming altar of Fedhas.
  2158 | D:2      | Reached XP level 4. HP: 25/37 MP: 6/6
  2262 | D:2      | Found a bloodstained altar of Trog.
  2304 | D:2      | Learned a level 1 spell: Confusing Touch
  2372 | D:2      | Reached ** piety under Lugonu
  2673 | D:2      | Noticed Jessica
  2680 | D:2      | Killed Jessica
  3114 | D:3      | Found an iron altar of Okawaru.
  3161 | D:3      | Reached XP level 5. HP: 42/42 MP: 7/7
  3266 | D:3      | Found a glowing golden altar of the Shining One.
  3268 | D:3      | Found a hide-covered altar of Uskayaw.
  3506 | D:3      | Noticed Folque's ghost (amateur TeCj)
  3523 | D:3      | Killed Folque's ghost
  3523 | D:3      | Reached skill level 1 in Spellcasting
  3523 | D:3      | Gained mutation: You have a pair of antennae on your head. [demonic ancestry]
  3523 | D:3      | Reached XP level 6. HP: 28/48 MP: 8/8
  3925 | D:4      | Reached *** piety under Lugonu
  4244 | D:4      | Noticed an orc warrior
  4344 | D:4      | Killed an orc warrior
  4548 | D:4      | Gained mutation: When hurt, damage is shared between your health and your magic reserves. [demonic ancestry]
  4548 | D:4      | Reached XP level 7. HP: 31/54 MP: 9/9
  4561 | D:4      | Reached skill level 1 in Throwing
  4561 | D:4      | Reached skill level 1 in Stealth
  5348 | D:4      | Reached skill level 5 in Polearms
  6129 | D:4      | Reached **** piety under Lugonu
  6205 | D:4      | Found a glowing silver altar of Zin.
  6277 | D:5      | Entered Level 5 of the Dungeon
  6320 | D:5      | Reached skill level 1 in Hexes
  6330 | D:5      | Reached XP level 8. HP: 61/61 MP: 10/10
  6357 | D:5      | Found Nota's Assorted Antiques.
  6423 | D:5      | Found Pumeirom's General Store.
  6426 | D:5      | Bought a +1 spear of venom for 127 gold pieces
  6452 | D:5      | Found Penilar's Magic Scroll Boutique.
  6645 | D:5      | Gained mutation: You are agile. (Dex +2) [mutagenic meat]
  6646 | D:5      | Gained mutation: You expend magic power (3 MP) to strengthen your wands. [mutagenic meat]
  6647 | D:5      | Gained mutation: You are somewhat resistant to further mutation. [mutagenic meat]
  6707 | D:5      | Found a staircase to the Ecumenical Temple.
  7032 | D:5      | Found Ismugg's Antique Armour Emporium.
  7265 | D:6      | Reached skill level 5 in Fighting
  7400 | D:6      | Reached skill level 5 in Armour
  7703 | D:6      | Found a shadowy altar of Dithmenos.
  7706 | D:6      | Noticed a hippogriff
  7726 | D:6      | Killed a hippogriff
  7769 | D:6      | Found a snail-covered altar of Cheibriados.
  8339 | D:7      | Found a basalt altar of Yredelemnul.
  8464 | D:7      | Found a glowing silver altar of Zin.
  8746 | D:7      | Found a sand-covered staircase.
  8754 | Ossuary  | Entered an ossuary
  8944 | Ossuary  | Gained mutation: You have a somewhat thin skeletal structure. (Dex +2, Stealth) [demonic ancestry]
  8944 | Ossuary  | Reached XP level 9. HP: 52/68 MP: 11/11
 10002 | Ossuary  | Reached XP level 10. HP: 77/77 MP: 15/15
 10003 | Ossuary  | Reached skill level 5 in Stealth
 10003 | Ossuary  | Reached XP level 11. HP: 84/84 MP: 17/17
 10181 | D:7      | Noticed veneficus's ghost (novice MfSk)
 10211 | D:7      | Killed veneficus's ghost
 10211 | D:7      | Reached skill level 5 in Throwing
 10422 | D:7      | Reached ***** piety under Lugonu
 10916 | D:8      | Found a stormy altar of Qazlal.
 10955 | D:8      | Noticed a centaur warrior
 10990 | D:8      | Killed a centaur warrior
 11740 | D:8      | Noticed an orc knight
 11796 | D:8      | Killed an orc knight
 12163 | D:8      | Gained mutation: You are very agile. (Dex +4) [mutagenic meat]
 12713 | D:9      | Found an opulent altar of Gozag.
 12765 | D:9      | Noticed Prince Ribbit
 12786 | D:9      | Killed Prince Ribbit
 12818 | D:9      | Killed an unseen horror
 13043 | D:9      | Learned a level 1 spell: Sting
 13046 | D:9      | Learned a level 2 spell: Poisonous Vapours
 13050 | D:9      | Learned a level 3 spell: Mephitic Cloud
 13055 | D:9      | Learned a level 4 spell: Olgreb's Toxic Radiance
 13061 | D:9      | Learned a level 5 spell: Venom Bolt
 13066 | D:9      | Noticed a centaur warrior
 13336 | D:9      | Killed a centaur warrior
 13336 | D:9      | Reached skill level 1 in Shields
 13539 | D:9      | Corrupted D:9
 13539 | D:9      | Noticed a phantasmal warrior
 13539 | D:9      | Noticed a tentacled starspawn
 13539 | D:9      | Noticed a sun demon
 13539 | D:9      | Noticed a tentacled starspawn
 13539 | D:9      | Noticed a rakshasa
 13540 | D:9      | Noticed a wizard
 13541 | D:9      | Noticed a spatial maelstrom
 13544 | D:9      | Noticed a sun demon
 13546 | D:9      | Noticed a tentacled starspawn
 13547 | D:9      | Noticed a thrashing horror
 13549 | D:9      | Noticed a bone dragon
 13607 | D:9      | Noticed a lich
 14585 | D:9      | Noticed a two-headed ogre
 14596 | D:9      | Killed a two-headed ogre
 14596 | D:9      | Gained mutation: You have a moderately thin skeletal structure. (Dex +4, Stealth+) [demonic ancestry]
 14596 | D:9      | Reached XP level 12. HP: 86/90 MP: 18/18
 14702 | Abyss:1  | Noticed a tentacled starspawn
 14726 | Abyss:1  | Killed a tentacled starspawn
 14760 | D:9      | Escaped the Abyss
 15156 | D:10     | Entered Level 10 of the Dungeon
 15332 | D:10     | Found Gugeraq's Jewellery Shoppe.
 15478 | D:10     | Noticed Urug
 15480 | D:10     | Found Ymulukko's Food Shop.
 16874 | D:10     | Noticed a two-headed ogre
 16889 | D:10     | Killed a two-headed ogre
 17255 | D:10     | Killed Urug
 17494 | D:10     | Found Mireho Tipn's Distillery.
 18432 | D:11     | Found a staircase to the Orcish Mines.
 18679 | D:11     | Found a staircase to the Lair.
 18749 | D:11     | Reached skill level 10 in Polearms
 19784 | Lair:1   | Entered Level 1 of the Lair of Beasts
 19793 | Lair:1   | Noticed Gastronok
 19814 | Lair:1   | Killed Gastronok
 20330 | Lair:1   | Noticed Sonja
 20349 | Lair:1   | Killed Sonja
 20352 | Lair:1   | Gained mutation: You have a pair of large antennae on your head. (SInv) [demonic ancestry]
 20352 | Lair:1   | Reached XP level 13. HP: 40/100 MP: 18/19
 20884 | Lair:1   | Noticed Fannar
 20928 | Lair:1   | Killed Fannar
 20928 | Lair:1   | Reached skill level 5 in Dodging
 21530 | Lair:2   | Reached skill level 5 in Evocations
 21705 | Lair:2   | HP: 4/100 [lindwurm/blast of flame (24)]
 23910 | Lair:3   | Found a glowing golden altar of the Shining One.
 25127 | Lair:3   | Found a staircase to the Snake Pit.
 25820 | Snake:1  | Entered Level 1 of the Snake Pit
 26346 | Lair:4   | Lost mutation: You expend magic power (3 MP) to strengthen your wands. [potion of mutation]
 26346 | Lair:4   | Lost mutation: You are very agile. (Dex +4) [potion of mutation]
 26346 | Lair:4   | Gained mutation: You occasionally shout uncontrollably at your foes. [potion of mutation]
 26347 | Lair:4   | Lost mutation: You are somewhat resistant to further mutation. [potion of mutation]
 26347 | Lair:4   | Lost mutation: You are agile. (Dex +2) [potion of mutation]
 26347 | Lair:4   | Lost mutation: You occasionally shout uncontrollably at your foes. [potion of mutation]
 26347 | Lair:4   | Gained mutation: You possess an exceptional clarity of mind. [potion of mutation]
 26347 | Lair:4   | Gained mutation: Your flesh is heat resistant. (rF+) [potion of mutation]
 26348 | Lair:4   | Lost mutation: You possess an exceptional clarity of mind. [potion of mutation]
 26348 | Lair:4   | Lost mutation: Your flesh is heat resistant. (rF+) [potion of mutation]
 26348 | Lair:4   | Gained mutation: You passively map a small area around you. [potion of mutation]
 26348 | Lair:4   | Gained mutation: You are clumsy. (Dex -2) [potion of mutation]
 26348 | Lair:4   | Gained mutation: You are resistant to hostile enchantments. (MR+) [potion of mutation]
 26349 | Lair:4   | Lost mutation: You passively map a small area around you. [potion of mutation]
 26349 | Lair:4   | Lost mutation: You are resistant to hostile enchantments. (MR+) [potion of mutation]
 26349 | Lair:4   | Lost mutation: You are clumsy. (Dex -2) [potion of mutation]
 26349 | Lair:4   | Gained mutation: [Scrolls take you a little longer to read.] [potion of mutation]
 26349 | Lair:4   | Gained mutation: You passively map a small area around you. [potion of mutation]
 27216 | Lair:4   | Reached skill level 5 in Shields
 27882 | Lair:4   | Found a staircase to the Shoals.
 27903 | Lair:4   | Reached skill level 10 in Armour
 28061 | Shoals:1 | Entered Level 1 of the Shoals
 28844 | Shoals:1 | HP: 5/102 [sea snake (5)]
 29316 | Shoals:1 | Noticed Frances
 29400 | Abyss:1  | Noticed a tentacled starspawn
 29401 | Abyss:1  | Noticed a bone dragon
 29403 | Abyss:1  | Noticed an Executioner
 29406 | Shoals:1 | Escaped the Abyss
 29443 | Shoals:2 | Reached skill level 5 in Invocations
 29454 | Shoals:2 | HP: 7/154 [poisoned by a sea snake]
 29459 | Shoals:2 | HP: 4/154 [poisoned by a sea snake]
 29464 | Shoals:2 | HP: 3/154 [poisoned by a sea snake]
 29471 | Shoals:2 | HP: 2/154 [poisoned by a sea snake]
 29478 | Shoals:2 | HP: 3/154 [poisoned by a sea snake]
 29486 | Shoals:2 | HP: 2/103 [poisoned by a sea snake]
 29975 | Shoals:2 | Noticed Louise
 30082 | Shoals:3 | Noticed a merfolk impaler
 30087 | Shoals:3 | HP: 2/103 [merfolk impaler/vampiric trident (5)]
 30089 | Shoals:3 | Slain by a merfolk

Skill      XL: |  1  2  3  4  5  6  7  8  9 10 11 12 13 |
---------------+----------------------------------------+-----
Polearms       | 2 3 4 5 6 7 8 9 10 | 10.9
Armour         | 2 3 4 5 6 7 8 9 10 | 10.2
Dodging        | 1 2 3 4 5 |  5.2
Fighting       | 4 5 6 7 8 9 |  9.9
Spellcasting   | 1 3 4 |  4.6
Throwing       | 1 2 4 6 7 |  7.9
Stealth        | 1 4 5 6 |  6.2
Hexes          | 1 4 |  4.9
Evocations     | 4 5 |  5.1
Crossbows      | 2 3 |  3.3
Invocations    | 4 5 |  5.2
Shields        | 1 3 5 |  5.5

Action                   |  1- 3 |  4- 6 |  7- 9 | 10-12 | 13-15 || total
-------------------------+-------+-------+-------+-------+-------++-------
Melee: Spear             |   140 |   261 |   431 |  1179 |   736 ||  2747
       Trident           |       |       |    24 |       |       ||    24
 Fire: Triple crossbow   |       |       |       |       |    40 ||    40
Throw: Tomahawk          |       |    10 |    31 |   210 |    56 ||   307
 Cast: Confusing Touch   |       |     3 |     1 |       |     1 ||     5
Invok: Depart the Abyss  |     1 |       |       |     1 |     1 ||     3
       Bend Space        |       |       |     1 |     1 |     7 ||     9
       Corrupt           |       |       |       |     1 |       ||     1
       Enter the Abyss   |       |       |       |     1 |     1 ||     2
       Banish            |       |       |       |       |     2 ||     2
Evoke: Wand              |     1 |     2 |     2 |     9 |    18 ||    32
  Use: Scroll            |     3 |     3 |     7 |    13 |    11 ||    37
       Potion            |       |       |    11 |     6 |    19 ||    36
 Stab: Distracted        |       |     2 |       |    10 |    14 ||    26
       Sleeping          |       |       |     1 |     2 |       ||     3
       Invisible         |       |       |       |       |     7 ||     7
  Eat: Chunk             |     3 |     6 |     9 |     5 |     3 ||    26
       Fruit             |     1 |       |     3 |     7 |     1 ||    12
       Royal jelly       |       |     1 |       |     3 |       ||     4
       Meat ration       |       |       |     3 |     3 |     2 ||     8
       Bread ration      |       |       |       |     2 |     4 ||     6
Armor: Ring mail         |    33 |     7 |       |       |       ||    40
       Leather armour    |     4 |       |       |       |       ||     4
       Scale mail        |       |    56 |   109 |   190 |       ||   355
       Chain mail        |       |       |       |   182 |   269 ||   451
       Skin              |       |       |       |       |     5 ||     5
Dodge: Dodged            |    54 |    71 |   130 |   286 |   155 ||   696
Block: Shield            |       |       |       |   344 |   272 ||   616
